Map: Ulrena

Players

LilDicky

  • Race: Terran Terran
  • League: Diamond

TRaFFiC - Winner!

  • Race: Zerg Zerg
  • League: Diamond

VOD

http://www.twitch.tv/tumescentpie

Description

Time

  • Played on: Nov. 23, 2015, 2:03 p.m.
  • Length: 7:29
Show
View Real Time Build Order
Export as new Build Order

LilDicky Terran 

Build Orders: Liberator Opening 

Get SALT Encoding   

  12  0:01  SCV  
  13  0:13  SCV  
  14  0:18  Supply Depot  
  14  0:25  SCV  
  15  0:37  Refinery  
  15  0:40  SCV  
  16  0:46  Barracks  
  16  0:52  SCV  
  17  1:04  SCV  
  18  1:16  SCV  
  19  1:28  SCV  
  20  1:33  Reaper  
  21  1:42  Command Center  
  21  1:48  Orbital Command  
  21  1:57  Refinery  
  21  2:05  Supply Depot, Reaper  
  22  2:19  Factory  
  22  2:44  SCV  
  23  2:51  Barracks Reactor  
  23  2:56  SCV  
  23  3:04  Orbital Command  
  23  3:10  Starport  
  23  3:24  SCV  
  24  3:30  Liberator  
  24  3:36  SCV  
  25  3:41  SCV  
  25  3:43  Barracks Reactor, Hellion x2  
  33  3:50  SCV  
  33  3:53  SCV  
  35  3:57  Refinery  
  35  4:04  Hellion x2  
  35  4:06  SCV  
  40  4:10  Supply Depot  
  40  4:11  SCV  
  41  4:18  SCV  
  41  4:23  Liberator x2  
  37  4:28  Hellion x2  
  41  4:36  SCV  
  41  4:38  Barracks Tech Lab  
  42  4:44  Barracks  
  48  4:46  SCV, Barracks  
  48  4:47  Barracks  
  48  4:49  SCV  
  48  4:52  Supply Depot  
  50  5:03  Hellion  
  50  5:04  Hellion  
  56  5:14  SCV x2  
  56  5:27  Hellion x2  
  58  5:56  Hellion x2  
  62  6:03  Barracks Tech Lab x2  
  62  6:04  Barracks Reactor  
  62  6:06  Refinery  
  62  6:14  Supply Depot  
  62  6:15  Supply Depot  
  62  6:16  Command Center  
  62  6:23  Hellion  
  62  6:29  SCV x2  
  62  6:30  Banshee  
  58  6:39  Marine x2  
  44  6:41  SCV x2, Marine x4  
  44  6:44  Engineering Bay  
  50  6:53  SCV  
  50  6:54  SCV  
  50  6:56  Marine  
  50  6:57  Command Center, Marine  
  50  6:58  Marine  
  50  6:59  Marine  
  52  7:03  Marine  
  52  7:04  Marine  
  52  7:05  SCV  
  45  7:27  Missile Turret  
Show
View Real Time Build Order
Export as new Build Order

TRaFFiC Zerg - Winner!

Build Orders: Hatch First 

Get SALT Encoding   

  12  0:01  Drone  
  13  0:14  Overlord  
  13  0:18  Drone  
  14  0:33  Drone x2  
  16  0:37  Drone  
  17  0:55  Hatchery  
  16  0:58  Drone  
  17  1:05  Drone  
  18  1:15  Spawning Pool  
  18  1:17  Drone  
  18  1:21  Drone  
  19  1:35  Overlord, Extractor  
  18  1:45  Drone  
  19  2:05  Zergling x4  
  19  2:06  Queen  
  19  2:07  Queen  
  25  2:08  Zergling x2  
  26  2:25  Drone x3  
  29  2:42  Drone x2, Overlord  
  31  2:44  Queen  
  31  2:46  Metabolic Boost  
  33  3:02  Drone x4  
  37  3:11  Drone, Overlord  
  38  3:12  Queen  
  40  3:24  Overlord  
  40  3:27  Drone x2  
  40  3:28  Drone x2  
  40  3:32  Baneling Nest  
  43  3:42  Lair  
  43  3:46  Drone x3, Extractor  
  43  3:48  Extractor  
  44  4:04  Drone x3  
  47  4:11  Drone  
  47  4:12  Drone x2  
  47  4:15  Extractor  
  49  4:22  Drone  
  49  4:23  Drone x3  
  52  4:34  Drone  
  52  4:35  Drone  
  54  4:44  Spire  
  53  4:57  Overlord  
  53  4:58  Overlord x4  
  53  4:59  Overseer  
  53  5:02  Hatchery  
  51  5:20  Zergling x2  
  60  5:21  Zergling x20  
  58  5:51  Queen  
  58  5:55  Mutalisk  
  58  5:56  Mutalisk x6  
  74  6:02  Mutalisk  
  76  6:05  Zergling x6  
  79  6:11  Spine Crawler  
  79  6:16  Evolution Chamber  
  75  6:18  Evolution Chamber  
  74  6:29  Zergling x4  
  74  6:30  Zergling x12  
  75  6:36  Drone x2  
  73  6:42  Drone  
  73  6:43  Drone  
  75  6:47  Drone  
  75  6:48  Hatchery  
  75  6:55  Drone x3  
  78  7:07  Drone x4  
Tags
 
Add a new tag
Caveats
  • Supply blocks, unpowered buildings, or Contaminate may cause inaccurate times.
  • Supply counts are checked every 10 seconds.